Connexion

ST. LOUIS Blues vs DALLAS Stars (R3)

Created - 31 janvier 2024 at 05:49

Goals
1 2 3 T
ST. LOUIS Blues 0 0 1 1
DALLAS Stars 2 1 0 3
Shots
1 2 3 T
ST. LOUIS Blues 10 13 11 34
DALLAS Stars 10 7 12 29

GoalsPenalties
1st period
1. DALLAS Stars , Neal Pionk 8 (Darnell Nurse 34) at 0:44
2. DALLAS Stars , Sebastien Aho 21 (Mikhail Sergachev 28, Dylan Cozens 32) at 12:40 (PP)
Darnell Nurse (DAL) for Tripping (Minor) at 3:28
Marcus Foligno (STL) for Roughing (Minor) at 12:07
David Perron (STL) for Interference (Minor) at 17:00
2nd period
3. DALLAS Stars , Darnell Nurse 11 (John Carlson 31, Reilly Smith 27) at 18:33 (PP)
Jesper Bratt (STL) for Cross-checking (Minor) at 5:51
Luke Schenn (STL) for High sticking (Minor) at 5:54
Gustav Lindstrom (DAL) for Roughing (Minor) at 8:40
Jeremy Lauzon (STL) for Interference (Minor) at 13:54
Luke Schenn (STL) for Roughing (Minor) at 14:35
Jaden Schwartz (STL) for Tripping (Minor) at 17:20
Phillip Danault (STL) for Tripping (Minor) at 19:16
3rd period
4. ST. LOUIS Blues , Dylan Larkin 24 (David Perron 20, Jesper Bratt 43) at 19:37 (PP)
Gustav Lindstrom (DAL) for Tripping (Minor) at 2:20
Tyson Jost (DAL) for High sticking (Minor) at 5:18
Jeremy Lauzon (STL) for Cross-checking (Minor) at 14:57
Marcus Foligno (STL) for Tripping (Minor) at 15:14
Sebastien Aho (DAL) for Hooking (Minor) at 19:10
Goalie Stats
Mackenzie Blackwood (STL), 26 saves from 29 shots - (0,897), L, 31-14-2, 60:00 minutes
Joonas Korpisalo (DAL), 33 saves from 34 shots - (0,971), W, 25-24-1, 60:00 minutes
3 StarsOfficial
1 - Joonas Korpisalo (DAL)
2 - Darnell Nurse (DAL)
3 - Neal Pionk (DAL)
Referees : Tim Peel and Don VanMassenhoven
Linesman : Brian Mach and Mark Wheler
Game Note
No Game Note
Finance
Level 1 -- Attendance: 6000 (100,00%) -- Ticket Income $750,000
Level 2 -- Attendance: 5296 (95,73%) -- Ticket Income $397,200
Level 3 -- Attendance: 2000 (100,00%) -- Ticket Income $104,000
Level 4 -- Attendance: 3975 (99,38%) -- Ticket Income $143,100
Luxury Box -- Attendance: 1000 (100,00%) -- Ticket Income $245,000
Game was played at the American Airlines Center.
Total Attendance: 18271 (98,59%)
Total Ticket Income: $1,639,300
Other Income: $327,860
Total Income: $1,967,160



Team Name Goals Shots Shots Attemp Shots Blocked PIM HIT PP PK FO%
ST. LOUIS Blues 134641220281 / 5 (20%)258%
DALLAS Stars 329621010272 / 10 (20%)142%

ST. LOUIS Blues
Player Name POS G A P +/- PIM HIT SHT SB MP PP MP PP SHT PK MP PK SHT FO% FOT
Brayden McNabbD000-1060017:470:0003:2400% 0
Brendan GallagherRW0000014121:574:3104:0800% 1
Craig SmithC/RW0000020114:260:0005:49058% 24
David PerronC/LW/RW011-1202015:334:1300:0000% 0
Dominic KubalikLW000-1003015:133:5210:0000% 0
Dylan LarkinC/LW1010005017:494:3120:00056% 34
Jaden SchwartzLW0000220012:283:5200:0000% 0
Jake LeschyshynC000000105:390:0000:00033% 3
James NealLW/RW000000418:370:0000:000100% 1
Jeremy LauzonD0000431213:360:0005:1600% 0
Jesper BrattLW/RW0110222017:484:3110:0000% 0
Jonas BrodinD000-1012324:534:2514:5200% 0
Justin SchultzD0000002225:003:5814:5200% 0
Luke SchennD0000460114:100:1205:3600% 0
Marcus FolignoLW000042309:050:0003:270100% 1
Matthew HighmoreC/LW/RW000000206:360:0000:57050% 2
Olli JuoleviD0000022120:173:5821:2200% 0
Phillip DanaultC000-1211021:183:5216:06061% 33
DALLAS Stars
Player Name POS G A P +/- PIM HIT SHT SB MP PP MP PP SHT PK MP PK SHT FO% FOT
Damon SeversonD0000002027:447:2514:4400% 0
Darnell NurseD1121212221:315:1712:3200% 0
Dylan CozensC0110020123:367:1405:47044% 36
Gustav LindstromD0000410010:420:0001:0700% 0
John CarlsonD0110020218:335:1703:3900% 0
Mikhail SergachevD0110031227:447:2514:4400% 0
Morgan FrostC000000103:330:0000:00080% 5
Neal PionkD1011012313:430:0000:0000% 0
Ondrej KaseLW/RW000000004:240:0000:5100% 0
Peyton KrebsC/LW0000011011:160:0000:0000% 1
Rasmus KupariC/LW/RW0000032011:160:0000:00021% 14
Reilly SmithLW/RW0111032021:355:2802:36040% 5
Rem PitlickC/LW/RW0000001011:160:0000:0000% 1
Sebastien AhoC/LW/RW1010226020:247:1432:36050% 6
Tomas HertlC/LW0001042018:595:2800:00046% 28
Tyler BertuzziLW/RW000000000:000:0000:0000% 0
Tyson JostC/LW0000224026:177:1414:5600% 1
William KarlssonC/LW0001023018:595:2800:00050% 2



Play-by-Play

1st period


0:01 of 1st period - Dylan Larkin wins face-off versus Dylan Cozens in neutral zone.
0:06 of 1st period - Shot by Brendan Gallagher.
0:06 of 1st period - Stopped by Joonas Korpisalo with a rebound.
0:14 of 1st period - Shot by Tyson Jost.
0:14 of 1st period - Deflect By Dylan Cozens.
0:14 of 1st period - Shot Blocked by Justin Schultz.
0:16 of 1st period - Shot by Sebastien Aho.
0:16 of 1st period - Shot Blocked by Brendan Gallagher.
0:18 of 1st period - Shot by Sebastien Aho.
0:18 of 1st period - Stopped by Mackenzie Blackwood with a rebound.
0:20 of 1st period - Shot by Tyson Jost.
0:20 of 1st period - Stopped by Mackenzie Blackwood without a rebound.
0:21 of 1st period - Phillip Danault wins face-off versus Tomas Hertl in ST. LOUIS Blues zone.
0:34 of 1st period - Shot by David Perron.
0:34 of 1st period - Shot Blocked by Neal Pionk.
0:44 of 1st period - Shot by Neal Pionk.
0:44 of 1st period - Goal by Neal Pionk - ST. LOUIS Blues : 0 - DALLAS Stars : 1.
0:45 of 1st period - Morgan Frost wins face-off versus Craig Smith in neutral zone.
0:58 of 1st period - Shot by Tyson Jost.
0:58 of 1st period - Stopped by Mackenzie Blackwood without a rebound.
0:59 of 1st period - Rasmus Kupari wins face-off versus Jake Leschyshyn in ST. LOUIS Blues zone.
1:18 of 1st period - Shot by Rasmus Kupari.
1:18 of 1st period - Shot Misses the Net.
1:32 of 1st period - Off-side.
1:33 of 1st period - Dylan Cozens wins face-off versus Dylan Larkin in neutral zone.
2:01 of 1st period - Icing by Dylan Larkin.
2:02 of 1st period - Dylan Larkin wins face-off versus Reilly Smith in ST. LOUIS Blues zone.
2:02 of 1st period - Dylan Larkin is hit by William Karlsson.
2:05 of 1st period - Icing by Brendan Gallagher.
2:06 of 1st period - Dylan Larkin wins face-off versus Reilly Smith in ST. LOUIS Blues zone.
2:16 of 1st period - Icing by Damon Severson.
2:17 of 1st period - Craig Smith wins face-off versus Tomas Hertl in DALLAS Stars zone.
2:24 of 1st period - Mikhail Sergachev is hit by Jaden Schwartz and loses puck.
2:35 of 1st period - Shot by Jaden Schwartz.
2:35 of 1st period - Shot Hit the Post.
2:37 of 1st period - Shot by Olli Juolevi.
2:37 of 1st period - Shot Misses the Net.
2:39 of 1st period - Shot by James Neal.
2:39 of 1st period - Stopped by Joonas Korpisalo with a rebound.
2:47 of 1st period - Shot by Jaden Schwartz.
2:47 of 1st period - Deflect By James Neal.
2:47 of 1st period - Stopped by Joonas Korpisalo without a rebound.
2:48 of 1st period - Morgan Frost wins face-off versus Phillip Danault in DALLAS Stars zone.
2:48 of 1st period - Morgan Frost is hit by Phillip Danault.
3:15 of 1st period - Icing by Morgan Frost.
3:16 of 1st period - Dylan Larkin wins face-off versus Morgan Frost in DALLAS Stars zone.
3:25 of 1st period - Shot by Dylan Larkin.
3:25 of 1st period - Shot Misses the Net.
3:27 of 1st period - Shot by Olli Juolevi.
3:27 of 1st period - Shot Misses the Net.
3:28 of 1st period - Minor Penalty to Darnell Nurse for Tripping.
3:29 of 1st period - Dylan Cozens wins face-off versus Dylan Larkin in DALLAS Stars zone.
3:38 of 1st period - Shot by Olli Juolevi.
3:38 of 1st period - Stopped by Joonas Korpisalo without a rebound.
3:39 of 1st period - Phillip Danault wins face-off versus Dylan Cozens in DALLAS Stars zone.
4:22 of 1st period - Off-side.
4:23 of 1st period - Dylan Larkin wins face-off versus Dylan Cozens in neutral zone.
4:38 of 1st period - Shot by David Perron.
4:38 of 1st period - Shot Hit the Post.
5:29 of 1st period - Jaden Schwartz is hit by Darnell Nurse and loses puck.
5:46 of 1st period - Shot by Matthew Highmore.
5:46 of 1st period - Stopped by Joonas Korpisalo without a rebound.
5:47 of 1st period - Craig Smith wins face-off versus Tomas Hertl in DALLAS Stars zone.
6:44 of 1st period - Icing by Mikhail Sergachev.
6:45 of 1st period - Dylan Larkin wins face-off versus Tomas Hertl in DALLAS Stars zone.
6:51 of 1st period - Dylan Larkin is hit by Mikhail Sergachev and loses puck.
6:58 of 1st period - Brendan Gallagher is hit by Tomas Hertl and loses puck.
7:06 of 1st period - Icing by Jeremy Lauzon.
7:07 of 1st period - Dylan Larkin wins face-off versus Dylan Cozens in ST. LOUIS Blues zone.
7:14 of 1st period - Shot by Brendan Gallagher.
7:14 of 1st period - Shot Blocked by John Carlson.
7:26 of 1st period - Shot by Dylan Cozens.
7:26 of 1st period - Shot Misses the Net.
7:34 of 1st period - Shot by Sebastien Aho.
7:34 of 1st period - Stopped by Mackenzie Blackwood without a rebound.
7:35 of 1st period - Phillip Danault wins face-off versus Rasmus Kupari in ST. LOUIS Blues zone.
8:02 of 1st period - Shot by Neal Pionk.
8:02 of 1st period - Stopped by Mackenzie Blackwood without a rebound.
8:03 of 1st period - Craig Smith wins face-off versus Dylan Cozens in ST. LOUIS Blues zone.
8:03 of 1st period - Craig Smith is hit by Dylan Cozens.
8:15 of 1st period - Shot by Dylan Cozens.
8:15 of 1st period - Shot Misses the Net.
8:21 of 1st period - Shot by Dylan Cozens.
8:21 of 1st period - Shot Blocked by Jonas Brodin.
8:35 of 1st period - Shot by Sebastien Aho.
8:35 of 1st period - Shot Misses the Net.
8:54 of 1st period - Icing by Craig Smith.
8:55 of 1st period - Craig Smith wins face-off versus Tomas Hertl in ST. LOUIS Blues zone.
8:57 of 1st period - Icing by Jaden Schwartz.
8:58 of 1st period - Craig Smith wins face-off versus Tomas Hertl in ST. LOUIS Blues zone.
8:58 of 1st period - Craig Smith is hit by Reilly Smith.
9:26 of 1st period - Shot by Reilly Smith.
9:26 of 1st period - Stopped by Mackenzie Blackwood without a rebound.
9:27 of 1st period - Phillip Danault wins face-off versus Rasmus Kupari in ST. LOUIS Blues zone.
9:27 of 1st period - Phillip Danault is hit by Rasmus Kupari.
9:46 of 1st period - Icing by David Perron.
9:47 of 1st period - Phillip Danault wins face-off versus Dylan Cozens in ST. LOUIS Blues zone.
9:56 of 1st period - Shot by Dominic Kubalik.
9:56 of 1st period - Shot Misses the Net.
10:19 of 1st period - Sebastien Aho is hit by Olli Juolevi and loses puck.
11:20 of 1st period - Shot by Brendan Gallagher.
11:20 of 1st period - Shot Misses the Net.
11:53 of 1st period - Icing by Marcus Foligno.
11:54 of 1st period - Jake Leschyshyn wins face-off versus Rasmus Kupari in ST. LOUIS Blues zone.
12:07 of 1st period - Minor Penalty to Marcus Foligno for Roughing.
12:08 of 1st period - Dylan Cozens wins face-off versus Brendan Gallagher in ST. LOUIS Blues zone.
12:08 of 1st period - Sebastien Aho is hit by Jeremy Lauzon.
12:40 of 1st period - Shot by Sebastien Aho.
12:40 of 1st period - Goal by Sebastien Aho - ST. LOUIS Blues : 0 - DALLAS Stars : 2.
12:41 of 1st period - Tomas Hertl wins face-off versus Phillip Danault in neutral zone.
13:04 of 1st period - Shot by William Karlsson.
13:04 of 1st period - Stopped by Mackenzie Blackwood without a rebound.
13:05 of 1st period - Dylan Larkin wins face-off versus Rasmus Kupari in ST. LOUIS Blues zone.
13:26 of 1st period - Shot by Brendan Gallagher.
13:26 of 1st period - Shot Blocked by John Carlson.
13:33 of 1st period - Off-side.
13:34 of 1st period - Morgan Frost wins face-off versus Phillip Danault in neutral zone.
13:39 of 1st period - Shot by Tyson Jost.
13:39 of 1st period - Shot Blocked by Justin Schultz.
14:55 of 1st period - Damon Severson is hit by Brayden McNabb and loses puck.
15:13 of 1st period - Icing by Damon Severson.
15:14 of 1st period - Morgan Frost wins face-off versus Craig Smith in DALLAS Stars zone.
15:14 of 1st period - Morgan Frost is hit by Craig Smith.
15:19 of 1st period - Mikhail Sergachev is hit by Jeremy Lauzon and loses puck.
15:23 of 1st period - Icing by Jeremy Lauzon.
15:24 of 1st period - Tomas Hertl wins face-off versus Craig Smith in ST. LOUIS Blues zone.
15:24 of 1st period - Darnell Nurse is hit by Luke Schenn and loses puck.
15:32 of 1st period - Icing by Jaden Schwartz.
15:33 of 1st period - Craig Smith wins face-off versus Tomas Hertl in ST. LOUIS Blues zone.
15:33 of 1st period - Jaden Schwartz is hit by Neal Pionk.
15:38 of 1st period - Luke Schenn is hit by Reilly Smith and loses puck.
15:43 of 1st period - Shot by James Neal.
15:43 of 1st period - Stopped by Joonas Korpisalo without a rebound.
15:44 of 1st period - Dylan Larkin wins face-off versus Tomas Hertl in DALLAS Stars zone.
16:16 of 1st period - Shot by Dylan Larkin.
16:16 of 1st period - Stopped by Joonas Korpisalo with a rebound.
16:18 of 1st period - Shot by Brendan Gallagher.
16:18 of 1st period - Stopped by Joonas Korpisalo with a rebound.
16:20 of 1st period - Shot by Dylan Larkin.
16:20 of 1st period - Stopped by Joonas Korpisalo without a rebound.
16:21 of 1st period - Phillip Danault wins face-off versus Rasmus Kupari in DALLAS Stars zone.
16:22 of 1st period - Shot by David Perron.
16:22 of 1st period - Shot Blocked by Neal Pionk.
16:53 of 1st period - Shot by Dominic Kubalik.
16:53 of 1st period - Shot Misses the Net.
16:55 of 1st period - Shot by Phillip Danault.
16:55 of 1st period - Shot Misses the Net.
17:00 of 1st period - Minor Penalty to David Perron for Interference.
17:01 of 1st period - Reilly Smith wins face-off versus Craig Smith in ST. LOUIS Blues zone.
17:59 of 1st period - Off-side.
18:00 of 1st period - Craig Smith wins face-off versus Dylan Cozens in neutral zone.
18:11 of 1st period - Luke Schenn is hit by Tyson Jost and loses puck.
18:19 of 1st period - Sebastien Aho is hit by Luke Schenn and loses puck.
18:33 of 1st period - Icing by John Carlson.
18:34 of 1st period - Sebastien Aho wins face-off versus Phillip Danault in DALLAS Stars zone.
18:44 of 1st period - Sebastien Aho is hit by Jonas Brodin and loses puck.
18:49 of 1st period - Shot by Dylan Cozens.
18:49 of 1st period - Shot Misses the Net.
18:51 of 1st period - Shot by Darnell Nurse.
18:51 of 1st period - Deflect By Sebastien Aho.
18:51 of 1st period - Stopped by Mackenzie Blackwood without a rebound.
18:52 of 1st period - Craig Smith wins face-off versus Tomas Hertl in ST. LOUIS Blues zone.
19:00 of 1st period - Mikhail Sergachev is hit by Marcus Foligno and loses puck.
19:07 of 1st period - Jake Leschyshyn is hit by Rasmus Kupari and loses puck.
19:32 of 1st period - Shot by Jake Leschyshyn.
19:32 of 1st period - Stopped by Joonas Korpisalo without a rebound.
19:33 of 1st period - Tomas Hertl wins face-off versus Dylan Larkin in DALLAS Stars zone.
Goals for this period are 0 for ST. LOUIS Blues vs 2 for DALLAS Stars .
Shots for this period are 10 for ST. LOUIS Blues vs 10 for DALLAS Stars .

2nd period


0:01 of 2nd period - Phillip Danault wins face-off versus Tyson Jost in neutral zone.
0:30 of 2nd period - Shot by Dominic Kubalik.
0:30 of 2nd period - Stopped by Joonas Korpisalo without a rebound.
0:31 of 2nd period - Craig Smith wins face-off versus Tomas Hertl in DALLAS Stars zone.
0:39 of 2nd period - Darnell Nurse is hit by Brayden McNabb and loses puck.
1:11 of 2nd period - Darnell Nurse is hit by Brayden McNabb and loses puck.
1:15 of 2nd period - Icing by Jonas Brodin.
1:16 of 2nd period - James Neal wins face-off versus Sebastien Aho in ST. LOUIS Blues zone.
1:51 of 2nd period - Shot by Dylan Larkin.
1:51 of 2nd period - Stopped by Joonas Korpisalo with a rebound.
2:34 of 2nd period - Icing by Justin Schultz.
2:35 of 2nd period - Tomas Hertl wins face-off versus Dylan Larkin in ST. LOUIS Blues zone.
3:14 of 2nd period - Dominic Kubalik is hit by Tomas Hertl and loses puck.
4:42 of 2nd period - Shot by Jaden Schwartz.
4:42 of 2nd period - Shot Misses the Net.
4:44 of 2nd period - Shot by Jaden Schwartz.
4:44 of 2nd period - Shot Misses the Net.
4:51 of 2nd period - Jaden Schwartz is hit by Mikhail Sergachev.
5:07 of 2nd period - Shot by Jaden Schwartz.
5:07 of 2nd period - Shot Misses the Net.
5:21 of 2nd period - Icing by Justin Schultz.
5:22 of 2nd period - Marcus Foligno wins face-off versus Tomas Hertl in ST. LOUIS Blues zone.
5:29 of 2nd period - Neal Pionk is hit by Marcus Foligno and loses puck.
5:36 of 2nd period - Shot by Marcus Foligno.
5:36 of 2nd period - Stopped by Joonas Korpisalo without a rebound.
5:37 of 2nd period - Dylan Larkin wins face-off versus Peyton Krebs in DALLAS Stars zone.
5:51 of 2nd period - Minor Penalty to Jesper Bratt for Cross-checking.
5:52 of 2nd period - William Karlsson wins face-off versus Phillip Danault in ST. LOUIS Blues zone.
5:54 of 2nd period - Minor Penalty to Luke Schenn for High sticking.
5:55 of 2nd period - Reilly Smith wins face-off versus Phillip Danault in ST. LOUIS Blues zone.
6:50 of 2nd period - Shot by Damon Severson.
6:50 of 2nd period - Shot Blocked by Craig Smith.
6:52 of 2nd period - Shot by Mikhail Sergachev.
6:52 of 2nd period - Stopped by Mackenzie Blackwood without a rebound.
6:53 of 2nd period - Phillip Danault wins face-off versus Dylan Cozens in ST. LOUIS Blues zone.
7:02 of 2nd period - Shot by Damon Severson.
7:02 of 2nd period - Shot Misses the Net.
7:04 of 2nd period - Shot by Damon Severson.
7:04 of 2nd period - Shot Misses the Net.
7:06 of 2nd period - Shot by Sebastien Aho.
7:06 of 2nd period - Shot Misses the Net.
7:19 of 2nd period - Icing by Mikhail Sergachev.
7:20 of 2nd period - Dylan Cozens wins face-off versus Craig Smith in DALLAS Stars zone.
7:20 of 2nd period - Dylan Cozens is hit by Craig Smith.
7:23 of 2nd period - Icing by Tyson Jost.
7:24 of 2nd period - Phillip Danault wins face-off versus Dylan Cozens in DALLAS Stars zone.
8:07 of 2nd period - Shot by Marcus Foligno.
8:07 of 2nd period - Shot Blocked by Neal Pionk.
8:17 of 2nd period - Shot by Marcus Foligno.
8:17 of 2nd period - Stopped by Joonas Korpisalo with a rebound.
8:19 of 2nd period - Shot by Marcus Foligno.
8:19 of 2nd period - Shot Blocked by Darnell Nurse.
8:23 of 2nd period - Shot by Matthew Highmore.
8:23 of 2nd period - Stopped by Joonas Korpisalo without a rebound.
8:24 of 2nd period - Rasmus Kupari wins face-off versus Dylan Larkin in DALLAS Stars zone.
8:34 of 2nd period - Brendan Gallagher is hit by John Carlson and loses puck.
8:40 of 2nd period - Minor Penalty to Gustav Lindstrom for Roughing.
8:41 of 2nd period - Dylan Cozens wins face-off versus Dylan Larkin in DALLAS Stars zone.
9:35 of 2nd period - Icing by Phillip Danault.
9:36 of 2nd period - Phillip Danault wins face-off versus Dylan Cozens in ST. LOUIS Blues zone.
10:01 of 2nd period - Shot by Phillip Danault.
10:01 of 2nd period - Stopped by Joonas Korpisalo without a rebound.
10:02 of 2nd period - Dylan Larkin wins face-off versus Sebastien Aho in DALLAS Stars zone.
10:07 of 2nd period - Shot by Jesper Bratt.
10:07 of 2nd period - Stopped by Joonas Korpisalo without a rebound.
10:08 of 2nd period - Phillip Danault wins face-off versus Dylan Cozens in DALLAS Stars zone.
10:22 of 2nd period - Dominic Kubalik is hit by John Carlson and loses puck.
10:25 of 2nd period - Shot by Olli Juolevi.
10:25 of 2nd period - Stopped by Joonas Korpisalo without a rebound.
10:26 of 2nd period - Sebastien Aho wins face-off versus Dylan Larkin in DALLAS Stars zone.
10:41 of 2nd period - Shot by Marcus Foligno.
10:41 of 2nd period - Shot Misses the Net.
10:43 of 2nd period - Shot by Matthew Highmore.
10:43 of 2nd period - Shot Misses the Net.
10:45 of 2nd period - Shot by Jeremy Lauzon.
10:45 of 2nd period - Stopped by Joonas Korpisalo with a rebound.
11:02 of 2nd period - Tomas Hertl is hit by Luke Schenn and loses puck.
11:12 of 2nd period - Jeremy Lauzon is hit by Tomas Hertl.
11:14 of 2nd period - Shot by Marcus Foligno.
11:14 of 2nd period - Stopped by Joonas Korpisalo without a rebound.
11:15 of 2nd period - Dylan Larkin wins face-off versus Rasmus Kupari in DALLAS Stars zone.
12:13 of 2nd period - Icing by Jonas Brodin.
12:14 of 2nd period - Dylan Cozens wins face-off versus Phillip Danault in ST. LOUIS Blues zone.
13:14 of 2nd period - Dominic Kubalik is hit by Gustav Lindstrom and loses puck.
13:28 of 2nd period - Shot by Jaden Schwartz.
13:28 of 2nd period - Deflect By James Neal.
13:28 of 2nd period - Stopped by Joonas Korpisalo without a rebound.
13:29 of 2nd period - Dylan Larkin wins face-off versus Rem Pitlick in DALLAS Stars zone.
13:29 of 2nd period - Dylan Larkin is hit by Mikhail Sergachev.
13:37 of 2nd period - Shot by Brendan Gallagher.
13:37 of 2nd period - Stopped by Joonas Korpisalo with a rebound.
13:49 of 2nd period - Shot by Rem Pitlick.
13:49 of 2nd period - Stopped by Mackenzie Blackwood without a rebound.
13:50 of 2nd period - Tomas Hertl wins face-off versus Craig Smith in ST. LOUIS Blues zone.
13:54 of 2nd period - Minor Penalty to Jeremy Lauzon for Interference.
13:55 of 2nd period - Tomas Hertl wins face-off versus Craig Smith in ST. LOUIS Blues zone.
14:17 of 2nd period - Reilly Smith is hit by Luke Schenn and loses puck.
14:24 of 2nd period - Shot by William Karlsson.
14:24 of 2nd period - Shot Blocked by Olli Juolevi.
14:32 of 2nd period - Shot by William Karlsson.
14:32 of 2nd period - Shot Blocked by Luke Schenn.
14:34 of 2nd period - Shot by Damon Severson.
14:34 of 2nd period - Shot Misses the Net.
14:35 of 2nd period - Minor Penalty to Luke Schenn for Roughing.
14:36 of 2nd period - Phillip Danault wins face-off versus Dylan Cozens in ST. LOUIS Blues zone.
14:36 of 2nd period - Phillip Danault is hit by Sebastien Aho.
15:02 of 2nd period - Phillip Danault is hit by Tyson Jost and loses puck.
15:07 of 2nd period - Shot by Darnell Nurse.
15:07 of 2nd period - Shot Hit the Post.
15:09 of 2nd period - Shot by Sebastien Aho.
15:09 of 2nd period - Stopped by Mackenzie Blackwood without a rebound.
15:10 of 2nd period - Tomas Hertl wins face-off versus Phillip Danault in ST. LOUIS Blues zone.
15:14 of 2nd period - Tomas Hertl is hit by Brayden McNabb and loses puck.
16:38 of 2nd period - Shot by Peyton Krebs.
16:38 of 2nd period - Stopped by Mackenzie Blackwood without a rebound.
16:39 of 2nd period - Dylan Larkin wins face-off versus Rasmus Kupari in ST. LOUIS Blues zone.
17:13 of 2nd period - Shot by Darnell Nurse.
17:13 of 2nd period - Stopped by Mackenzie Blackwood without a rebound.
17:14 of 2nd period - Tomas Hertl wins face-off versus Craig Smith in ST. LOUIS Blues zone.
17:14 of 2nd period - Reilly Smith is hit by Jeremy Lauzon and loses puck.
17:20 of 2nd period - Minor Penalty to Jaden Schwartz for Tripping.
17:21 of 2nd period - Craig Smith wins face-off versus Dylan Cozens in ST. LOUIS Blues zone.
18:33 of 2nd period - Shot by Darnell Nurse.
18:33 of 2nd period - Goal by Darnell Nurse - ST. LOUIS Blues : 0 - DALLAS Stars : 3.
18:34 of 2nd period - Craig Smith wins face-off versus Rasmus Kupari in neutral zone.
18:57 of 2nd period - Off-side.
18:58 of 2nd period - Dylan Larkin wins face-off versus Tomas Hertl in neutral zone.
19:11 of 2nd period - Shot by Jesper Bratt.
19:11 of 2nd period - Shot Blocked by Darnell Nurse.
19:13 of 2nd period - Shot by Justin Schultz.
19:13 of 2nd period - Stopped by Joonas Korpisalo without a rebound.
19:14 of 2nd period - Dylan Cozens wins face-off versus Phillip Danault in DALLAS Stars zone.
19:16 of 2nd period - Minor Penalty to Phillip Danault for Tripping.
19:17 of 2nd period - Matthew Highmore wins face-off versus Dylan Cozens in ST. LOUIS Blues zone.
19:17 of 2nd period - Matthew Highmore is hit by Dylan Cozens.
19:41 of 2nd period - Shot by Tyson Jost.
19:41 of 2nd period - Stopped by Mackenzie Blackwood with a rebound.
19:43 of 2nd period - Shot by Sebastien Aho.
19:43 of 2nd period - Deflect By Dylan Cozens.
19:43 of 2nd period - Shot Misses the Net.
19:45 of 2nd period - Shot by Tyson Jost.
19:45 of 2nd period - Shot Misses the Net.
19:47 of 2nd period - Shot by Damon Severson.
19:47 of 2nd period - Shot Blocked by Jeremy Lauzon.
19:49 of 2nd period - Shot by Sebastien Aho.
19:49 of 2nd period - Shot Misses the Net.
19:51 of 2nd period - Shot by Tyson Jost.
19:51 of 2nd period - Shot Blocked by Jeremy Lauzon.
Goals for this period are 0 for ST. LOUIS Blues vs 1 for DALLAS Stars .
Shots for this period are 13 for ST. LOUIS Blues vs 7 for DALLAS Stars .

3rd period


0:01 of 3rd period - Dylan Cozens wins face-off versus Matthew Highmore in neutral zone.
0:13 of 3rd period - Mikhail Sergachev is hit by Luke Schenn and loses puck.
1:30 of 3rd period - Shot by Rem Pitlick.
1:30 of 3rd period - Shot Misses the Net.
1:46 of 3rd period - Shot by Rasmus Kupari.
1:46 of 3rd period - Stopped by Mackenzie Blackwood without a rebound.
1:47 of 3rd period - Tomas Hertl wins face-off versus Dylan Larkin in ST. LOUIS Blues zone.
2:20 of 3rd period - Shot by Jesper Bratt.
2:20 of 3rd period - Stopped by Joonas Korpisalo without a rebound.
2:20 of 3rd period - Minor Penalty to Gustav Lindstrom for Tripping.
2:21 of 3rd period - Phillip Danault wins face-off versus Dylan Cozens in DALLAS Stars zone.
2:26 of 3rd period - Shot by Phillip Danault.
2:26 of 3rd period - Shot Blocked by Dylan Cozens.
2:28 of 3rd period - Shot by Dominic Kubalik.
2:28 of 3rd period - Shot Blocked by Mikhail Sergachev.
2:30 of 3rd period - Shot by David Perron.
2:30 of 3rd period - Shot Misses the Net.
3:00 of 3rd period - Shot by Dominic Kubalik.
3:00 of 3rd period - Stopped by Joonas Korpisalo without a rebound.
3:01 of 3rd period - Dylan Larkin wins face-off versus Dylan Cozens in DALLAS Stars zone.
3:21 of 3rd period - Justin Schultz is hit by Reilly Smith and loses puck.
3:32 of 3rd period - Shot by Brendan Gallagher.
3:32 of 3rd period - Deflect By Dylan Larkin.
3:32 of 3rd period - Stopped by Joonas Korpisalo without a rebound.
3:33 of 3rd period - Phillip Danault wins face-off versus Dylan Cozens in DALLAS Stars zone.
4:00 of 3rd period - Shot by Dominic Kubalik.
4:00 of 3rd period - Shot Misses the Net.
4:02 of 3rd period - Shot by Jonas Brodin.
4:02 of 3rd period - Stopped by Joonas Korpisalo without a rebound.
4:03 of 3rd period - Sebastien Aho wins face-off versus Dylan Larkin in DALLAS Stars zone.
4:18 of 3rd period - Shot by Justin Schultz.
4:18 of 3rd period - Stopped by Joonas Korpisalo without a rebound.
4:19 of 3rd period - Dylan Cozens wins face-off versus Dylan Larkin in DALLAS Stars zone.
4:30 of 3rd period - Shot by Tomas Hertl.
4:30 of 3rd period - Shot Hit the Post.
4:32 of 3rd period - Shot by Tomas Hertl.
4:32 of 3rd period - Stopped by Mackenzie Blackwood without a rebound.
4:33 of 3rd period - Rasmus Kupari wins face-off versus Phillip Danault in ST. LOUIS Blues zone.
4:33 of 3rd period - Rasmus Kupari is hit by Olli Juolevi.
4:49 of 3rd period - Shot by Dominic Kubalik.
4:49 of 3rd period - Deflect By David Perron.
4:49 of 3rd period - Stopped by Joonas Korpisalo without a rebound.
4:50 of 3rd period - Dylan Cozens wins face-off versus Craig Smith in DALLAS Stars zone.
4:55 of 3rd period - Shot by Tyson Jost.
4:55 of 3rd period - Stopped by Mackenzie Blackwood without a rebound.
4:56 of 3rd period - Dylan Cozens wins face-off versus Phillip Danault in ST. LOUIS Blues zone.
4:57 of 3rd period - Shot by Damon Severson.
4:57 of 3rd period - Shot Misses the Net.
5:18 of 3rd period - Minor Penalty to Tyson Jost for High sticking.
5:19 of 3rd period - Dylan Cozens wins face-off versus Dylan Larkin in DALLAS Stars zone.
5:19 of 3rd period - Dylan Cozens is hit by Brendan Gallagher.
6:35 of 3rd period - Shot by Justin Schultz.
6:35 of 3rd period - Shot Misses the Net.
6:37 of 3rd period - Shot by Olli Juolevi.
6:37 of 3rd period - Shot Misses the Net.
8:38 of 3rd period - Tyson Jost is hit by Brayden McNabb and loses puck.
8:43 of 3rd period - Shot by Ondrej Kase.
8:43 of 3rd period - Shot Misses the Net.
8:45 of 3rd period - Shot by Morgan Frost.
8:45 of 3rd period - Stopped by Mackenzie Blackwood with a rebound.
8:47 of 3rd period - Shot by Tyson Jost.
8:47 of 3rd period - Shot Blocked by Jonas Brodin.
9:05 of 3rd period - Brayden McNabb is hit by William Karlsson and loses puck.
9:23 of 3rd period - Shot by William Karlsson.
9:23 of 3rd period - Shot Misses the Net.
9:25 of 3rd period - Shot by Damon Severson.
9:25 of 3rd period - Stopped by Mackenzie Blackwood without a rebound.
9:26 of 3rd period - Dylan Larkin wins face-off versus Dylan Cozens in ST. LOUIS Blues zone.
9:58 of 3rd period - Darnell Nurse is hit by Jesper Bratt and loses puck.
10:33 of 3rd period - Phillip Danault is hit by Peyton Krebs and loses puck.
10:38 of 3rd period - Shot by Peyton Krebs.
10:38 of 3rd period - Deflect By Rasmus Kupari.
10:38 of 3rd period - Stopped by Mackenzie Blackwood without a rebound.
10:39 of 3rd period - Tomas Hertl wins face-off versus Jake Leschyshyn in ST. LOUIS Blues zone.
10:56 of 3rd period - Shot by William Karlsson.
10:56 of 3rd period - Stopped by Mackenzie Blackwood without a rebound.
10:57 of 3rd period - Phillip Danault wins face-off versus Rasmus Kupari in ST. LOUIS Blues zone.
11:09 of 3rd period - Off-side.
11:10 of 3rd period - Craig Smith wins face-off versus Tomas Hertl in neutral zone.
11:43 of 3rd period - Damon Severson is hit by Jaden Schwartz and loses puck.
12:22 of 3rd period - Shot by Dominic Kubalik.
12:22 of 3rd period - Stopped by Joonas Korpisalo without a rebound.
12:23 of 3rd period - Dylan Cozens wins face-off versus Dylan Larkin in DALLAS Stars zone.
12:25 of 3rd period - Icing by Darnell Nurse.
12:26 of 3rd period - Dylan Larkin wins face-off versus Sebastien Aho in DALLAS Stars zone.
14:14 of 3rd period - Shot by David Perron.
14:14 of 3rd period - Stopped by Joonas Korpisalo without a rebound.
14:15 of 3rd period - Phillip Danault wins face-off versus Tomas Hertl in DALLAS Stars zone.
14:41 of 3rd period - Shot by Tomas Hertl.
14:41 of 3rd period - Deflect By Reilly Smith.
14:41 of 3rd period - Shot Misses the Net.
14:43 of 3rd period - Shot by William Karlsson.
14:43 of 3rd period - Shot Blocked by Jonas Brodin.
14:45 of 3rd period - Shot by Reilly Smith.
14:45 of 3rd period - Deflect By William Karlsson.
14:45 of 3rd period - Stopped by Mackenzie Blackwood without a rebound.
14:46 of 3rd period - Dylan Cozens wins face-off versus Craig Smith in ST. LOUIS Blues zone.
14:46 of 3rd period - Dylan Cozens is hit by Luke Schenn.
14:48 of 3rd period - Shot by Sebastien Aho.
14:48 of 3rd period - Shot Blocked by James Neal.
14:57 of 3rd period - Minor Penalty to Jeremy Lauzon for Cross-checking.
14:58 of 3rd period - Dylan Cozens wins face-off versus Phillip Danault in ST. LOUIS Blues zone.
15:14 of 3rd period - Minor Penalty to Marcus Foligno for Tripping.
15:15 of 3rd period - Tomas Hertl wins face-off versus Phillip Danault in ST. LOUIS Blues zone.
16:39 of 3rd period - Shot by Damon Severson.
16:39 of 3rd period - Shot Misses the Net.
16:41 of 3rd period - Shot by Damon Severson.
16:41 of 3rd period - Stopped by Mackenzie Blackwood without a rebound.
16:42 of 3rd period - Phillip Danault wins face-off versus William Karlsson in ST. LOUIS Blues zone.
16:42 of 3rd period - Phillip Danault is hit by Tomas Hertl.
16:53 of 3rd period - Icing by William Karlsson.
16:54 of 3rd period - Phillip Danault wins face-off versus Tomas Hertl in DALLAS Stars zone.
17:17 of 3rd period - Shot by Dylan Cozens.
17:17 of 3rd period - Shot Misses the Net.
17:34 of 3rd period - Shot by Jonas Brodin.
17:34 of 3rd period - Stopped by Joonas Korpisalo without a rebound.
17:35 of 3rd period - Dylan Larkin wins face-off versus Rasmus Kupari in DALLAS Stars zone.
17:36 of 3rd period - Shot by Brendan Gallagher.
17:36 of 3rd period - Stopped by Joonas Korpisalo without a rebound.
17:37 of 3rd period - Phillip Danault wins face-off versus Dylan Cozens in DALLAS Stars zone.
18:01 of 3rd period - Shot by Dominic Kubalik.
18:01 of 3rd period - Shot Misses the Net.
18:14 of 3rd period - Shot by Sebastien Aho.
18:14 of 3rd period - Stopped by Mackenzie Blackwood without a rebound.
18:15 of 3rd period - Tomas Hertl wins face-off versus Dylan Larkin in ST. LOUIS Blues zone.
18:15 of 3rd period - Tomas Hertl is hit by Brayden McNabb.
18:27 of 3rd period - Shot by Tomas Hertl.
18:27 of 3rd period - Stopped by Mackenzie Blackwood without a rebound.
18:28 of 3rd period - Craig Smith wins face-off versus Rasmus Kupari in ST. LOUIS Blues zone.
18:28 of 3rd period - Craig Smith is hit by Rasmus Kupari.
18:34 of 3rd period - Off-side.
18:35 of 3rd period - Tomas Hertl wins face-off versus Dylan Larkin in neutral zone.
18:48 of 3rd period - Shot by Reilly Smith.
18:48 of 3rd period - Stopped by Mackenzie Blackwood without a rebound.
18:49 of 3rd period - Phillip Danault wins face-off versus Dylan Cozens in ST. LOUIS Blues zone.
18:49 of 3rd period - Phillip Danault is hit by Sebastien Aho.
19:10 of 3rd period - Minor Penalty to Sebastien Aho for Hooking.
19:11 of 3rd period - Dylan Cozens wins face-off versus Dylan Larkin in DALLAS Stars zone.
19:11 of 3rd period - Dylan Cozens is hit by Jesper Bratt.
19:33 of 3rd period - Shot by Brendan Gallagher.
19:33 of 3rd period - Deflect By Jesper Bratt.
19:33 of 3rd period - Shot Misses the Net.
19:35 of 3rd period - Shot by David Perron.
19:35 of 3rd period - Shot Blocked by Mikhail Sergachev.
19:37 of 3rd period - Shot by Dylan Larkin.
19:37 of 3rd period - Goal by Dylan Larkin - ST. LOUIS Blues : 1 - DALLAS Stars : 3.
19:38 of 3rd period - Craig Smith wins face-off versus Reilly Smith in neutral zone.
Goals for this period are 1 for ST. LOUIS Blues vs 0 for DALLAS Stars .
Shots for this period are 11 for ST. LOUIS Blues vs 12 for DALLAS Stars .